 Dungeon Crawl Stone Soup version 0.23-a0-261-g133332c (webtiles) character file.

17642 mandick the Fighter (level 12, -1/115 HPs)
             Began as a Minotaur Gladiator on Sept 29, 2018.
             Was a High Priest of Wu Jian.
             Slain by a nine-headed hydra (9 damage)
             ... on level 12 of the Dungeon on Sept 30, 2018.
             The game lasted 01:11:35 (15288 turns).

mandick the Fighter (Minotaur Gladiator)           Turns: 15288, Time: 01:11:36

Health: -1/115     AC:  9    Str: 20    XL:     12   Next: 20%
Magic:  20/20      EV: 22    Int:  5    God:    Wu Jian [*****.]
Gold:   755        SH:  0    Dex: 20    Spells: 11/11 levels left

rFire    . . .     SeeInvis .   a - +3 falchion (slice)
rCold    . . .     Gourm    .   (no shield)
rNeg     . . .     Faith    .   K - +2 leather armour {MR+}
rPois    +         Spirit   .   c - +0 hat
rElec    .         Reflect  .   s - +1 cloak
rCorr    +         Harm     .   G - +0 pair of gloves of Card Tricks {rCorr MP+9 Dex+4 Stlth-}
MR       +....                  l - +0 pair of boots
Stlth    ++........             P - amulet of the acrobat
HPRegen  0.29/turn              R - ring of poison resistance
MPRegen  0.17/turn              W - ring of stealth (curse)

@: drained
A: retaliatory headbutt, horns 2
a: Wall Jump, Serpent's Lash, Heavenly Storm, Renounce Religion


You were on level 12 of the Dungeon.
You worshipped Wu Jian.
Wu Jian was extremely pleased with you.
You were not hungry.

You visited 1 branch of the dungeon, and saw 12 of its levels.

You collected 755 gold pieces.

Inventory:

Hand Weapons
 a - a +3 falchion of slicing (weapon)
 b - a +0 hunting sling
 X - the +7 shortbow of Feuviffu {velocity, rPois Int+3, unknown}
   (You found it on level 11 of the Dungeon)

   Any arrow fired from it inflicts extra damage.
   It affects your intelligence (+3).
   It protects you from poison.
Missiles
 d - 3 throwing nets
 g - 558 stones
 n - 43 sling bullets
 M - 6 tomahawks (quivered)
 N - 5 tomahawks of dispersal
 S - 8 needles of frenzy
Armour
 c - a +0 hat (worn)
 j - a +0 shield
 l - a +0 pair of boots (worn)
 s - a +1 cloak (worn)
 t - a +2 robe of cold resistance
 G - the +0 pair of gloves of Card Tricks (worn) {rCorr MP+9 Dex+4 Stlth-}
   (You found it on level 4 of the Dungeon)

   It affects your dexterity (+4).
   It affects your magic capacity (+9).
   It provides partial protection from all sources of acid and corrosion.
   It makes you less stealthy.
 J - a scarf of resistance
 K - a +2 leather armour of magic resistance (worn)
 Y - a +0 robe of fire resistance
Magical Staves
 x - an uncursed staff of cold {unknown}
Jewellery
 P - an amulet of the acrobat (around neck)
 R - a ring of poison resistance (left hand)
 T - an uncursed amulet of guardian spirit {unknown}
 W - a cursed ring of stealth (right hand)
Wands
 A - a wand of polymorph (15)
 D - a wand of scattershot (2)
 I - a wand of digging (3)
 V - a wand of acid (6)
 Z - a wand of paralysis (10)
Scrolls
 i - 2 scrolls of amnesia
 q - a scroll of enchant armour
 y - 3 scrolls of fog
 z - 2 scrolls of teleportation
 C - 3 scrolls of remove curse
 E - a scroll of enchant weapon
 F - 3 scrolls of blinking
Potions
 h - a potion of berserk rage
 k - a potion of magic
 p - 3 potions of flight
 r - a potion of ambrosia
 u - 2 potions of agility
 v - a potion of heal wounds
 H - 5 potions of lignification
 O - a potion of cancellation {unknown}
 Q - 2 potions of curing
 U - 2 potions of haste {unknown}
Comestibles
 f - 27 rations
 B - 13 chunks of flesh


   Skills:
 + Level 13.5(13.2) Fighting
 + Level 12.4(12.1) Long Blades
 - Level 5.8(5.6) Throwing
 - Level 3.2(3.0) Armour
 + Level 12.8(12.5) Dodging


You had 11 spell levels left.
You didn't know any spells.
Your spell library contained the following spells:

 Spells                   Type           Power        Failure   Level  Hunger
 Beastly Appendage        Tmut           #.....       52%         1    ##.....
 Sting                    Conj/Pois      #...         52%         1    ##.....
 Summon Small Mammal      Summ           #...         52%         1    ##.....
 Call Imp                 Summ           #.......     67%         2    ###....
 Poisonous Vapours        Pois/Air       #.....       67%         2    ###....
 Sticks to Snakes         Tmut           #.......     67%         2    ###....
 Call Canine Familiar     Summ           #.......     88%         3    ####...
 Mephitic Cloud           Conj/Pois/Air  #.......     88%         3    ####...
 Spider Form              Tmut/Pois      #.........   88%         3    ####...
 Summon Guardian Golem    Hex/Summ       #.......     88%         3    ####...
 Ice Form                 Ice/Tmut       #.......     99%         4    #####..
 Olgreb's Toxic Radiance  Pois           #.......     99%         4    #####..
 Summon Ice Beast         Ice/Summ       #.......     99%         4    #####..
 Summon Lightning Spire   Summ/Air       #.......     99%         4    #####..
 Blade Hands              Tmut           #.........   100%        5    ######.
 Venom Bolt               Conj/Pois      #.........   100%        5    ######.


Dungeon Overview and Level Annotations

Branches:
Dungeon (12/15)            Temple (0/1) D:7            Lair (0/6) D:11
    Orc (0/2) D:11

Altars:
Ashenzari
Gozag
Hepliaklqana
Okawaru
Qazlal
Uskayaw
Wu Jian
Yredelemnul
Zin
The Shining One

Shops:
D:7 *   D:8 *

Annotations:
D:9 2 runed doors


Innate Abilities, Weirdness & Mutations

You reflexively headbutt those who attack you in melee.
You have a pair of horns on your head.


Message History

The eight-headed hydra misses you. The eight-headed hydra bites you!
* * * LOW HITPOINT WARNING * * *
The eight-headed hydra closely misses you. x2
The eight-headed hydra completely misses you.
The eight-headed hydra bites you but does no damage.
You spin and attack the eight-headed hydra.
You slice one of the eight-headed hydra's heads off!
The seven-headed hydra grows two more!
You slash the nine-headed hydra!
The nine-headed hydra is heavily wounded.
The nine-headed hydra barely misses you.
You riposte.
You hit the nine-headed hydra.
The nine-headed hydra is severely wounded.
The nine-headed hydra closely misses you.
The nine-headed hydra bites you.
* * * LOW HITPOINT WARNING * * *
The nine-headed hydra closely misses you.
The nine-headed hydra misses you. The nine-headed hydra bites you!
* * * LOW HITPOINT WARNING * * *
The nine-headed hydra bites you!
You die...

#############
#...........#
######...........+
#.§§§§D@.........#
....'[.####...........#
....### ####'########
#'# #.# . #.# #.# #)#
#!# #.#


You could see a nine-headed hydra (pinned).

Vanquished Creatures
  A death knight (D:10)
  2 two-headed ogres (D:8)
  5 cyclopes
  Maurice (D:8)
  3 centaur skeletons
  A komodo dragon (D:11)
  2 hellwings (D:8)
  2 trolls
  A queen bee (D:10)
  Prince Ribbit (D:7)
  2 hippogriffs
  Sigmund (D:3)
  2 yaks (D:10)
  A steam dragon (D:11)
  2 hungry ghosts
  Menkaure (D:5)
  A water moccasin (D:9)
  2 soldier ants
  Duvessa (D:5)
  7 ice beasts
  7 orc warriors
  A hornet zombie (D:9)
  A black bear (D:6)
  2 sky beasts
  9 ogres
  9 centaurs
  A crocodile (D:11)
  4 big kobolds
  Blork the orc (D:5)
  3 gnoll sergeants (D:11)
  8 bullfrogs
  Dowan (D:5)
  A wyvern skeleton (D:8)
  A scorpion (D:11)
  36 killer bees
  7 wights
  3 howler monkeys
  6 crimson imps
  A bullfrog zombie (D:4)
  5 centaur zombies
  9 hounds
  6 jellies
  6 orc priests
  6 bullfrog skeletons
  Crazy Yiuf (D:5)
  7 orc wizards
  Jessica (D:3)
  4 gnoll shamans
  5 iguanas
  9 worker ants
  A hound zombie (D:8)
  2 worker ant zombies
  41 gnolls
  14 adders
  7 shadow imps
  2 oozes
  2 adder zombies (D:8)
  2 adder skeletons
  3 worms
  2 dart slugs (D:2)
  7 leopard geckos
  41 orcs
  2 ball pythons
  4 giant cockroaches
  5 goblins
  3 hobgoblins
  20 jackals
  20 kobolds
  7 quokkas
  8 bats
  A frilled lizard (D:3)
  2 jackal skeletons
  6 rats
402 creatures vanquished.

Notes
Turn   | Place    | Note
-------+----------+-------------------------------------------
     0 | D:1      | mandick the Minotaur Gladiator began the quest for the Orb.
     0 | D:1      | Reached XP level 1. HP: 18/18 MP: 0/0
    47 | D:1      | Reached XP level 2. HP: 25/25 MP: 1/1
   118 | D:1      | Reached skill level 1 in Armour
   310 | D:1      | Reached XP level 3. HP: 20/30 MP: 2/2
   441 | D:1      | Reached skill level 3 in Fighting
   790 | D:2      | Found a shattered altar of Ashenzari.
  1265 | D:2      | Reached XP level 4. HP: 38/38 MP: 3/3
  1709 | D:3      | Noticed Jessica
  1711 | D:3      | Killed Jessica
  1767 | D:3      | Found a faded altar of an unknown god.
  1791 | D:3      | Found an opulent altar of Gozag.
  2021 | D:3      | Noticed Sigmund
  2038 | D:3      | Killed Sigmund
  2038 | D:3      | Reached skill level 4 in Fighting
  2038 | D:3      | Reached XP level 5. HP: 31/46 MP: 4/4
  2085 | D:3      | Reached XP level 6. HP: 24/53 MP: 5/5
  2449 | D:3      | Found an ornate altar of the Wu Jian Council.
  2461 | D:3      | Became a worshipper of the Wu Jian Council
  2482 | D:3      | Found an iron altar of Okawaru.
  2850 | D:3      | Reached skill level 5 in Dodging
  3079 | D:3      | HP: 1/55 [gnoll/spear (13)]
  3397 | D:3      | Reached skill level 5 in Fighting
  3504 | D:3      | Reached XP level 7. HP: 49/61 MP: 6/6
  3939 | D:3      | Reached * piety under Wu Jian
  4067 | D:3      | Reached skill level 6 in Fighting
  4246 | D:4      | Reached skill level 5 in Throwing
  4551 | D:4      | Got a pair of bloodstained gloves
  4563 | D:4      | Identified the +0 pair of gloves of Card Tricks {rCorr MP+9
                  | Dex+4 Stlth-} (You found it on level 4 of the Dungeon)
  5062 | D:5      | Entered Level 5 of the Dungeon
  5067 | D:5      | Reached XP level 8. HP: 67/71 MP: 7/7
  5075 | D:5      | Noticed Blork the orc
  5599 | D:5      | Reached skill level 7 in Fighting
  5912 | D:5      | Killed Blork the orc
  6057 | D:5      | Noticed Menkaure
  6061 | D:5      | Killed Menkaure
  6110 | D:5      | Reached skill level 5 in Long Blades
  6113 | D:5      | Noticed Duvessa
  6119 | D:5      | Noticed Dowan
  6145 | D:5      | Killed Duvessa
  6145 | D:5      | Reached skill level 8 in Fighting
  6149 | D:5      | Killed Dowan
  6265 | D:5      | Reached XP level 9. HP: 81/81 MP: 8/8
  6505 | D:5      | Found a runed door.
  6509 | D:5      | Noticed Crazy Yiuf
  6512 | D:5      | Killed Crazy Yiuf
  6558 | D:6      | Reached ** piety under Wu Jian
  6824 | D:6      | Reached skill level 9 in Fighting
  8116 | D:7      | Reached *** piety under Wu Jian
  8140 | D:7      | Found Ybaty's Assorted Antiques.
  8329 | D:7      | Found a staircase to the Ecumenical Temple.
  8391 | D:7      | Reached skill level 10 in Fighting
  8391 | D:7      | Reached XP level 10. HP: 93/93 MP: 9/9
  8940 | D:8      | Noticed Maurice
  8988 | D:8      | Killed Maurice
  9039 | D:8      | Noticed Prince Ribbit
  9193 | D:7      | Killed Prince Ribbit
  9217 | D:8      | Reached skill level 10 in Dodging
  9257 | D:8      | Found Fidil's General Store.
  9399 | D:8      | Found a hide-covered altar of Uskayaw.
  9399 | D:8      | Found a glowing silver altar of Zin.
  9399 | D:8      | Found a hazy altar of Hepliaklqana.
  9402 | D:8      | Found a basalt altar of Yredelemnul.
  9403 | D:8      | Found a glowing golden altar of the Shining One.
  9734 | D:8      | Noticed a two-headed ogre
  9734 | D:8      | Noticed a two-headed ogre
  9746 | D:8      | Killed a two-headed ogre
 10034 | D:8      | Killed a two-headed ogre
 10034 | D:8      | Reached skill level 11 in Fighting
 10095 | D:8      | Reached **** piety under Wu Jian
 10095 | D:8      | Reached skill level 10 in Long Blades
 10098 | D:8      | Reached XP level 11. HP: 91/103 MP: 10/10
 10557 | D:9      | Noticed a fire dragon
 10557 | D:9      | Noticed an ice dragon
 10558 | D:9      | Found the +2 shield of Resistance {rF+ rC+ MR+}
 10559 | D:9      | Found a runed door.
 10559 | D:9      | Found a runed door.
 10559 | D:9      | Noticed an ice dragon
 10559 | D:9      | Noticed a fire dragon
 10603 | D:9      | Found a stormy altar of Qazlal.
 10853 | D:9      | Reached skill level 12 in Fighting
 11263 | D:10     | Entered Level 10 of the Dungeon
 12021 | D:10     | Noticed a death knight
 12046 | D:10     | HP: 4/104 [death knight/battleaxe (23)]
 12523 | D:10     | Killed a death knight
 13260 | D:10     | Reached ***** piety under Wu Jian
 13797 | D:11     | Found a staircase to the Lair.
 13884 | D:11     | Reached skill level 13 in Fighting
 14231 | D:11     | Reached XP level 12. HP: 106/115 MP: 11/11
 14303 | D:11     | Found a staircase to the Orcish Mines.
 14793 | D:11     | Got a translucent shortbow
 15271 | D:12     | Noticed a four-headed hydra
 15288 | D:12     | Slain by a nine-headed hydra

Vault maps used:
D:1:      zelgadis_glass_arrival_small
D:2:      nicolae_ashenzari_panopticon, serial_bayou_pond_d
D:3:      lemuel_castle_with_subvaults, nicolae_overflow_crystal_walls,
          overflow_temple_1_default, chequers_ecumenical_altar_simple_redux,
          grunt_gozag_breadcrumbs, uniq_jessica, uniq_sigmund
D:4:      first_ration, minmay_bent
D:5:      uniq_menkaure, uniq_crazy_yiuf_cottage, uniq_duvessa,
          uniq_blork_the_orc
D:7:      temple_green, serial_shops, nicolae_shop_behind_doors,
          minmay_unpleasant_kobolds
D:8:      cheibrodos_grave_circle, minitemple, serial_shops, shop,
          hangedman_pestilent_swarm, uniq_prince_ribbit1, uniq_maurice
D:9:      grunt_qazlal_clouds, st_stairs_14, minmay_holes,
          minmay_guarded_unrand_resistance
D:10:     serial_park_tiny_2, dk_vineyard_2
D:11:     lair_entry_dummy, kennysheep_orc_monster_closet_entryway
D:12:     kennysheep_generic_room_14

Skill      XL: |  1  2  3  4  5  6  7  8  9 10 11 |
---------------+----------------------------------+-----
Armour         | 1 3 |  3.2
Fighting       | 3 4 5 6 8 10 11 13 | 13.5
Dodging        | 4 5 6 8 9 11 12 | 12.8
Throwing       | 3 4 5 |  5.8
Long Blades    | 5 8 10 12 | 12.4

Action                   |  1- 3 |  4- 6 |  7- 9 | 10-12 || total
-------------------------+-------+-------+-------+-------++-------
Melee: Long sword        |    66 |    89 |       |       ||   155
       Headbutt          |    16 |    24 |   102 |   212 ||   354
       Falchion          |       |    22 |   320 |   580 ||   922
       Hunting sling     |       |       |     3 |       ||     3
 Fire: Hunting sling     |       |       |     8 |       ||     8
Throw: Throwing net      |       |       |     1 |     4 ||     5
       Tomahawk          |       |       |     4 |    30 ||    34
       Stone             |       |       |       |    15 ||    15
Invok: Lunge             |       |    10 |    38 |    50 ||    98
       Whirlwind         |       |       |    81 |   221 ||   302
       Wall Jump         |       |       |       |    20 ||    20
Evoke: Wand              |       |       |       |     9 ||     9
  Use: Scroll            |       |       |     7 |    15 ||    22
       Potion            |       |       |     5 |     3 ||     8
 Stab: Invisible         |       |       |     1 |       ||     1
       Confused          |       |       |       |     3 ||     3
       Distracted        |       |       |       |     3 ||     3
       Sleeping          |       |       |       |     2 ||     2
  Eat: Chunk             |     1 |     7 |    13 |    14 ||    35
       Ration            |       |       |     1 |     3 ||     4
Armor: Leather armour    |    31 |     2 |       |     9 ||    42
       Robe              |       |    18 |    58 |    36 ||   112
Dodge: Dodged            |    65 |    85 |   242 |   470 ||   862
       Rpst.: Long sword |    13 |    13 |       |       ||    26
       Falchion          |       |     4 |    63 |   116 ||   183

Table legend:
 A = Non-vault XP
 B = Vault XP
 C = Vault XP percentage of total XP
 D = Non-vault monster count
 E = Vault monster count
 F = Vault count percentage of total count
                 A         B        C        D         E       F
            +---------+---------+-------+---------+---------+-------
      Total |   16167 |    9036 |  35.9 |     264 |     138 |  34.3
            +---------+---------+-------+---------+---------+-------
        D:1 |      45 |       0 |   0.0 |      24 |       0 |   0.0
        D:2 |      54 |      41 |  43.2 |      18 |       1 |   5.3
        D:3 |      36 |     991 |  96.5 |      11 |      53 |  82.8
        D:4 |     175 |     129 |  42.4 |      10 |       8 |  44.4
        D:5 |    1110 |     437 |  28.2 |      20 |       5 |  20.0
        D:6 |    1043 |      13 |   1.2 |      26 |       1 |   3.7
        D:7 |    1533 |     370 |  19.4 |      34 |       7 |  17.1
        D:8 |    2443 |    3860 |  61.2 |      16 |      16 |  50.0
        D:9 |    1193 |      42 |   3.4 |      19 |       1 |   5.0
       D:10 |    3775 |    1850 |  32.9 |      29 |      26 |  47.3
       D:11 |    3449 |    1303 |  27.4 |      39 |      20 |  33.9
       D:12 |    1311 |       0 |   0.0 |      18 |       0 |   0.0
            +---------+---------+-------+---------+---------+-------
